 Dungeon Crawl Stone Soup version 0.31-a0-202-g547052bce9 (webtiles) character file.

Game seed: 10505387060144409298

1231 qw the Skirmisher (level 8, -4/46 HPs)
             Began as a Deep Elf Hunter on June 26, 2023.
             Slain by an orc priest
             ... wielding a +0 war axe
              (6 damage)
             ... on level 6 of the Dungeon.
             The game lasted 00:03:42 (6650 turns).

qw the Skirmisher (Deep Elf Hunter)                 Turns: 6650, Time: 00:03:43

Health: -4/46      AC:  9    Str: 10    XL:     8   Next: 24%
Magic:  0/10       EV: 14    Int: 15    God:
Gold:   265        SH:  0    Dex: 18    Spells: 7/7 levels left

rFire   + . .        Y - +0 shortbow
rCold   + . .        (shield currently unavailable)
rNeg    . . .        g - +0 scale mail
rPois   .            a - +2 hat
rElec   .            i - scarf {rC+ rF+}
rCorr   .            (no gloves)
SInv    .            d - +0 pair of boots
Will    .....        m - amulet of guardian spirit
Stlth   +            h - +5 ring of evasion
HPRegen 0.27/turn    (no ring)
MPRegen 0.12/turn

%: guardian spirit
@: about to teleport
A: no striking features
a: no special abilities


You were on level 6 of the Dungeon.
You visited 2 branches of the dungeon, and saw 7 of its levels.

You collected 265 gold pieces.


   Skills:
 - Level 3.4 Fighting
 + Level 12.5 Ranged Weapons
 - Level 1.0 Armour
 - Level 3.5 Dodging
 - Level 1.2 Stealth


You had 7 spell levels left.
You didn't know any spells.
Your spell library was empty.

Inventory:

Hand Weapons
 Y - a +0 shortbow (weapon)
Armour
 a - a +2 hat (worn)
 d - a +0 pair of boots (worn)
 g - a +0 scale mail (worn)
 i - a scarf of resistance (worn)
Jewellery
 h - a +5 ring of evasion (left hand)
 m - an amulet of guardian spirit (around neck)
Scrolls
 j - a scroll of identify
Potions
 b - 4 potions of might
 c - a potion of mutation
 l - a potion of resistance

Dungeon Overview and Level Annotations

Branches:
Dungeon (6/15)             Temple (1/1) D:4

Altars:
Ashenzari
Dithmenos
Elyvilon
Fedhas
Gozag
Hepliaklqana
Kikubaaqudgha
Makhleb
Nemelex Xobeh
Qazlal
Sif Muna
Trog
Uskayaw
Vehumet
Wu Jian
Yredelemnul
Zin
The Shining One

Shops:
D:6 (

Annotations:
D:4 1 runed translucent door, qw's ghost, amateur DEHu


Message History

The gnoll barely misses you. The orc priest closely misses you.
You hear some strange, mumbled words.
A puff of flame appears from out of thin air!
The puff of flame misses you.
You shoot an arrow. The arrow barely misses the gnoll.
The gnoll barely misses you. Something hits you but does no damage.
The orc priest barely misses you.
You shoot an arrow.
The arrow hits the gnoll but does no damage.
The gnoll is almost dead.
The gnoll barely misses you. Something hits you but does no damage.
The orc priest hits you with a +0 war axe.
You shoot an arrow. The arrow hits the gnoll.
You kill the gnoll!
You hear some strange, mumbled words.
A puff of flame appears from out of thin air!
The puff of flame misses you.
The orc priest hits you but does no damage.
The orc priest invokes the aid of Beogh against you.
Beogh smites you! The orc barely misses you.
The orc priest calls down the wrath of Beogh upon you.
Beogh smites you! Something barely misses you.
6648 ||| READING scroll of teleportation.
As you read the scroll of teleportation, it crumbles to dust.
You feel strangely unstable. The orc hits you but does no damage.
The orc priest hits you but does no damage.
Something hits you but does no damage.
You shoot an arrow.
The arrow closely misses the orc priest.
The orc priest barely misses you.
You hear some strange, mumbled words.
A puff of flame appears from out of thin air!
The puff of flame hits you but does no damage.
The orc hits you but does no damage.
You shoot an arrow.
The arrow hits the orc priest but does no damage.
The orc hits you with a +0 hand axe.
The orc priest hits you with a +0 war axe!
You die...

# #.#...........
##........#.#+###.......
........#..............#
........#..........#####
........#..........#
........#...###....####
##......#..............
......oo{.......[......
#@####....#...... #.#
#....######## #.#
#............
#.######'#########
#........# #..#######
#..# #..# #...


You could see an orc priest and an orc.

Vanquished Creatures
  Menkaure (D:4)
  An ice beast (D:5)
  3 ogres
  A kobold brigand (D:5)
  A bullfrog (D:6)
  5 scorpions
  A hound (D:5)
  A jelly (D:5)
  An iguana (D:6)
  A sleepcap (D:5)
  7 gnolls
  3 adders
  3 shadow imps (D:5)
  A white imp (D:5)
  2 worms
  6 dart slugs
  6 orcs
  6 bats
  11 endoplasms
  2 giant cockroaches
  6 goblins
  12 hobgoblins
  A quokka (D:3)
  5 ball pythons
  A frilled lizard (D:2)
  15 kobolds
  5 rats
108 creatures vanquished.

Notes
Turn   | Place    | Note
-------+----------+-------------------------------------------
     0 | D:1      | qw the Deep Elf Hunter began the quest for the Orb.
     0 | D:1      | Reached XP level 1. HP: 12/12 MP: 3/3
     0 | D:1      | 0 ||| qw: Version: 0.3-a-22-g0ed2b0b
     0 | D:1      | 0 ||| qw: Game counter: 5899
     0 | D:1      | 0 ||| qw: Melee chars always use a shield: true
     0 | D:1      | 0 ||| qw: God list: Okawaru
     0 | D:1      | 0 ||| qw: Allow faded altars: false
     0 | D:1      | 0 ||| qw: Do Orc after clearing Dungeon:15 true
     0 | D:1      | 0 ||| qw: Do second Lair branch before Depths: true
     0 | D:1      | 0 ||| qw: Lair rune preference: random
     0 | D:1      | 0 ||| qw: Goals: Normal
     0 | D:1      | 0 ||| PLANNING D:1-11
    86 | D:1      | Reached XP level 2. HP: 16/16 MP: 4/4
   113 | D:1      | Reached skill level 6 in Ranged Weapons
   644 | D:1      | Reached XP level 3. HP: 20/20 MP: 5/5
   691 | D:1      | 691 ||| UPGRADING to +0 helmet.
   696 | D:1      | 696 ||| DROPPING ring of magical power.
   697 | D:1      | 697 ||| READING scroll labelled QIYSEMYCWA.
   798 | D:1      | 798 ||| READING scroll labelled KAONNA URULILU.
   799 | D:1      | 799 ||| READING 2 scrolls labelled PYTSEA LOAVIHU.
   800 | D:1      | 800 ||| READING scroll labelled BODWUO VUYDIL.
   801 | D:1      | 801 ||| READING 2 scrolls labelled ITOMOCWILLEO.
   802 | D:1      | 802 ||| DROPPING scroll of butterflies.
   803 | D:1      | 803 ||| DROPPING scroll of vulnerability.
   836 | D:2      | 836 ||| STAIRDANCE
   848 | D:2      | 848 ||| STAIRDANCE
  1014 | D:2      | Identified the +1 mace of Hewotil {freeze, *Noise rPois
                  | Int+3 Dex+2}
  1077 | D:2      | Found an ornate altar of the Wu Jian Council.
  1109 | D:2      | Found a faded altar of an unknown god.
  1125 | D:2      | Reached skill level 7 in Ranged Weapons
  1154 | D:2      | 1154 ||| FLEEEEING.
  1155 | D:2      | 1155 ||| FLEEEEING.
  1156 | D:2      | 1156 ||| FLEEEEING.
  1453 | D:2      | Reached XP level 4. HP: 25/25 MP: 6/6
  1590 | D:2      | 1590 ||| UPGRADING to +2 hat.
  1600 | D:2      | 1600 ||| DROPPING +0 helmet.
  1601 | D:2      | 1601 ||| UPGRADING to +5 ring of evasion.
  1602 | D:2      | 1602 ||| READING scroll labelled BET IJAYZU.
  1603 | D:2      | 1603 ||| READING 2 scrolls labelled NEM BAJUACOMIMN.
  1607 | D:2      | 1607 ||| DRINKING 2 cyan potions.
  1608 | D:2      | 1608 ||| DRINKING 2 bubbling emerald potions.
  1609 | D:2      | 1609 ||| DRINKING 2 murky inky potions.
  1610 | D:2      | 1610 ||| READING 2 scrolls of identify.
  1610 | D:2      | 1610 ||| IDENTIFYING smoky ruby potion
  1611 | D:2      | 1611 ||| DROPPING potion of lignification.
  1692 | D:3      | Reached skill level 8 in Ranged Weapons
  2358 | D:3      | 2358 ||| UPGRADING to +0 pair of boots.
  2363 | D:3      | 2363 ||| DROPPING scarf of shadows.
  2364 | D:3      | 2364 ||| READING scroll labelled ECEYCI ITYFYPN.
  2365 | D:3      | 2365 ||| DRINKING 2 sedimented clear potions.
  2368 | D:3      | 2368 ||| DROPPING potion of ambrosia.
  2448 | D:4      | Found an ancient bone altar of Kikubaaqudgha.
  2507 | D:4      | Reached XP level 5. HP: 29/29 MP: 7/7
  2517 | D:4      | Noticed an ogre
  2523 | D:4      | Killed an ogre
  2524 | D:4      | Reached skill level 9 in Ranged Weapons
  2647 | D:4      | Reached skill level 3 in Dodging
  2647 | D:4      | Reached XP level 6. HP: 34/34 MP: 8/8
  2761 | D:4      | Found a runed translucent door.
  2761 | D:4      | Noticed qw's ghost (amateur DEHu)
  2982 | D:4      | Found a sparkling altar of Nemelex Xobeh.
  3062 | D:4      | Noticed Menkaure
  3076 | D:4      | Killed Menkaure
  3288 | D:4      | Found a staircase to the Ecumenical Temple.
  3289 | D:4      | 3289 ||| PLANNING TEMPLE
  3289 | D:4      | 3289 ||| UPGRADING to +0 scale mail.
  3299 | D:4      | 3299 ||| DROPPING +0 leather armour.
  3300 | D:4      | 3300 ||| UPGRADING to scarf of resistance.
  3305 | D:4      | 3305 ||| UPGRADING to amulet of guardian spirit.
  3310 | D:4      | 3310 ||| READING 2 scrolls of identify.
  3310 | D:4      | 3310 ||| IDENTIFYING ruby potion
  3311 | D:4      | 3311 ||| DROPPING potion of berserk rage.
  3319 | Temple   | Entered the Ecumenical Temple
  3467 | Temple   | 3467 ||| PLANNING D:1-11
  4920 | D:5      | Entered Level 5 of the Dungeon
  4942 | D:5      | Reached skill level 1 in Armour
  4952 | D:5      | Reached XP level 7. HP: 29/40 MP: 4/9
  5235 | D:5      | Reached skill level 10 in Ranged Weapons
  5514 | D:5      | HP: 10/40 [kobold brigand/+0 dagger (2)]
  5515 | D:5      | 5515 ||| READING scroll of teleportation.
  5516 | D:5      | 5516 ||| DRINKING 2 potions of heal wounds.
  5676 | D:5      | Reached skill level 11 in Ranged Weapons
  5781 | D:5      | HP: 3/40 [poisoned by a kobold brigand (curare-tipped
                  | dart)]
  5782 | D:5      | 5782 ||| DRINKING potion of heal wounds.
  5786 | D:5      | HP: 9/40 [poisoned by a kobold brigand (curare-tipped
                  | dart)]
  5865 | D:5      | Reached skill level 12 in Ranged Weapons
  5865 | D:5      | Reached XP level 8. HP: 34/45 MP: 10/10
  5952 | D:5      | Reached skill level 3 in Fighting
  6564 | D:5      | 6564 ||| READING 3 scrolls of identify.
  6564 | D:5      | 6564 ||| IDENTIFYING grey potion
  6565 | D:5      | 6565 ||| READING 2 scrolls of identify.
  6565 | D:5      | 6565 ||| IDENTIFYING metallic white potion
  6566 | D:5      | 6566 ||| DROPPING potion of magic.
  6617 | D:6      | Found Muokky's Weapon Shop.
  6647 | D:6      | HP: 4/46 [orc priest/divine providence (8)]
  6648 | D:6      | 6648 ||| READING scroll of teleportation.
  6650 | D:6      | Slain by an orc priest

Levels and vault maps discovered:
D:1:      dpeg_arrival_round_a, layout_loops_ring, minmay_tromino_i4
D:2:      layout_loops_ring, ebering_ecumenical_altar_rust, basic_altar
D:3:      layout_basic
D:4:      layout_loops_corners, mainiacjoe_overflow_surrounded_room,
          marbit_many_paths, minmay_temple_entry_overgrown,
          ebering_ghost_reflecting_pool, hangedman_decor_peaks_small,
          minmay_ruptured, uniq_menkaure
D:5:      layout_layer_cave
D:6:      layout_basic, serial_shops, shop, minmay_misc_feat_ornament
Temple:   nicolae_temple_elliptical

Skill      XL: |  1  2  3  4  5  6  7  8 |
---------------+-------------------------+-----
Ranged Weapons | 6 7 8 9 12 | 12.5
Dodging        | 3 |  3.5
Fighting       | 2 3 |  3.4
Armour         | 1 |  1.0
Stealth        | |  1.2

Action                     |  1- 3 |  4- 6 |  7- 9 || total
---------------------------+-------+-------+-------++-------
   Fire: Shortbow          |   104 |   158 |   163 ||   425
    Use: Scroll            |     5 |     5 |     4 ||    14
         Potion            |       |     4 |     2 ||     6
 Armour: Leather armour    |     9 |     9 |       ||    18
         Scale mail        |       |     3 |    46 ||    49
  Dodge: Dodged            |    16 |    34 |    98 ||   148

Table legend:
 A = Non-vault XP
 B = Vault XP
 C = Vault XP percentage of total XP
 D = Non-vault monster count
 E = Vault monster count
 F = Vault count percentage of total count
                 A         B        C        D         E       F
            +---------+---------+-------+---------+---------+-------
      Total |    1583 |     176 |  10.0 |     100 |       8 |   7.4
            +---------+---------+-------+---------+---------+-------
        D:1 |      42 |       8 |  16.0 |      22 |       3 |  12.0
        D:2 |      54 |       0 |   0.0 |      17 |       0 |   0.0
        D:3 |      82 |       0 |   0.0 |      19 |       0 |   0.0
        D:4 |     315 |     168 |  34.8 |      14 |       5 |  26.3
        D:5 |     911 |       0 |   0.0 |      23 |       0 |   0.0
        D:6 |     179 |       0 |   0.0 |       5 |       0 |   0.0
            +---------+---------+-------+---------+---------+-------
